 Dungeon Crawl Stone Soup version 0.22-a0-409-gb855193 (webtiles) character file.

131 Mgcat the Skirmisher (level 4, -3/38 HPs)
             Began as a Mummy Fighter on May 10, 2018.
             Slain by Purgy (6 damage)
             ... in a sewer.
             The game lasted 00:04:28 (1777 turns).

Mgcat the Skirmisher (Mummy Fighter)                Turns: 1777, Time: 00:04:29

Health: -3/38      AC:  7    Str: 20    XL:     4   Next: 91%
Magic:  4/4        EV:  7    Int:  7    God:
Gold:   47         SH:  8    Dex: 11    Spells: 3/3 levels left

rFire    x . .     SeeInvis .   a - +0 flail
rCold    + . .     Gourm    .   c - +0 shield
rNeg     + + +     Faith    .   b - +0 scale mail
rPois    ∞         Spirit   .   (no helmet)
rElec    .         Reflect  .   (no cloak)
rCorr    .         Harm     .   f - +0 pair of gloves
MR       .....                  (no boots)
Stlth    ..........             (no amulet)
HPRegen  0.12/turn              (no ring)
MPRegen  0.09/turn              (no ring)

@: no status effects
A: no food or potions, fire vulnerability, cold resistance 1, negative energy
resistance 3, torment resistance, unbreathing
a: no special abilities


You were in a sewer.
You were not hungry.

You visited 1 branch of the dungeon, and saw 3 of its levels.
You also visited: Sewer.

You collected 47 gold pieces.

Inventory:

Hand Weapons
 a - a +0 flail (weapon)
Armour
 b - a +0 scale mail (worn)
 c - a +0 shield (worn)
 f - a +0 pair of gloves (worn)
   (You found it on level 2 of the Dungeon)
Scrolls
 d - a scroll of remove curse {unknown}
 e - a scroll of fear {unknown}
 h - a scroll of identify {unknown}
 i - a scroll of teleportation {unknown}
 j - a scroll of immolation {unknown}


   Skills:
 + Level 4.5 Fighting
 + Level 3.1 Maces & Flails
 - Level 2.4 Armour
 - Level 2.4 Shields


You had 3 spell levels left.
You didn't know any spells.

Dungeon Overview and Level Annotations

Branches:
Dungeon (3/15)

Altars:

Annotations:
Sewer Purgy


Innate Abilities, Weirdness & Mutations

You do not eat or drink.
Your flesh is vulnerable to fire.
You are immune to poison.
Your flesh is cold resistant. (rC+)
You are immune to negative energy. (rN+++)
You are immune to unholy pain and torment.
You can survive without breathing.


Message History

You thump Purgy!
Purgy is moderately wounded.
Purgy bites you but does no damage. Purgy claws you but does no damage.
You block Purgy's attack.
You closely miss Purgy.
Purgy is moderately wounded.
You block Purgy's attack. Purgy claws you but does no damage.
You block Purgy's attack.
You closely miss Purgy.
Purgy is moderately wounded.
Purgy bites you. Purgy barely misses you. You block Purgy's attack.
Purgy barely misses you. Purgy claws you but does no damage. x2
You barely miss Purgy.
Purgy is lightly wounded.
You block Purgy's attack. Purgy claws you but does no damage.
You block Purgy's attack.
You hit Purgy but do no damage.
Purgy is lightly wounded.
Purgy bites you. Purgy claws you but does no damage.
You block Purgy's attack. x2
Purgy completely misses you. Purgy claws you but does no damage.
You thump Purgy!
Purgy is moderately wounded.
Purgy barely misses you. Purgy claws you but does no damage. x2
You barely miss Purgy.
Purgy is moderately wounded.
You block Purgy's attack. Purgy claws you. x2
You sock Purgy!
Purgy is severely wounded.
Purgy bites you. Purgy claws you but does no damage. x2
Purgy hisses, "I bite!"
Purgy bites you. You block Purgy's attack. Purgy claws you but does no damage.
You closely miss Purgy.
Purgy is heavily wounded.
Purgy bites you but does no damage. Purgy claws you but does no damage.
Purgy claws you.
You thump Purgy!
Purgy is severely wounded.
Purgy barely misses you. You block Purgy's attack.
Purgy claws you but does no damage.
You hit Purgy.
Purgy is almost dead.
You block Purgy's attack. Purgy claws you. Purgy claws you but does no damage.
Purgy bites you. You block Purgy's attack. Purgy claws you but does no damage.
You barely miss Purgy.
Purgy is severely wounded.
You block Purgy's attack. Purgy claws you but does no damage. x2
You hit Purgy.
Purgy is almost dead.
Purgy bites you.
* * * LOW HITPOINT WARNING * * *
You block Purgy's attack. Purgy claws you but does no damage.
You hit Purgy.
Purgy is heavily wounded.
You block Purgy's attack. Purgy claws you but does no damage. x2
You hit Purgy.
Purgy is heavily wounded.
Purgy hisses, "I bite!"
You block Purgy's attack. Purgy barely misses you.
Purgy claws you but does no damage.
You can't drink.
As you read the scroll labeled IPTYIK UJAE, it crumbles to dust.
The scroll dissolves into smoke.
It was a scroll of fog.
Purgy bites you.
* * * LOW HITPOINT WARNING * * *
You block Purgy's attack. Purgy claws you but does no damage.
You closely miss Purgy.
Purgy is moderately wounded.
Purgy bites you.
* * * LOW HITPOINT WARNING * * *
Purgy claws you but does no damage. You block Purgy's attack.
Purgy closely misses you. You block Purgy's attack.
Purgy claws you but does no damage.
You barely miss Purgy.
Purgy is moderately wounded.
You block Purgy's attack. Purgy claws you.
* * * LOW HITPOINT WARNING * * *
Purgy barely misses you.
You completely miss Purgy.
Purgy is moderately wounded.
Purgy bites you but does no damage. Purgy barely misses you.
You block Purgy's attack.
You closely miss Purgy.
Purgy is moderately wounded.
Purgy bites you.
* * * LOW HITPOINT WARNING * * *
Purgy claws you but does no damage. x2; Purgy closely misses you.
Purgy claws you.
* * * LOW HITPOINT WARNING * * *
Purgy claws you but does no damage.
You enter the shallow water.
Moving in this stuff is going to be slow.
Purgy bites you.
* * * LOW HITPOINT WARNING * * *
You block Purgy's attack. Purgy barely misses you. You block Purgy's attack.
Purgy barely misses you. Purgy claws you but does no damage.
Purgy barely misses you. Purgy completely misses you. Purgy barely misses you.
Purgy looks around nervously.
There is a gate leading back out of this place here.
Purgy bites you.
You die...

#§§≈≈.#
#§§§≈.#
+§§≈≈§+
#.≈≈≈.#
#.≈≈≈.#
+.≈≈≈.+
#.≈≈≈.#
####.≈≈≈.#
#@T...∩..+
####.≈≈≈.#
####.≈≈≈.#
#..'.≈≈≈.+
####.≈≈≈.#
####.≈≈≈.#
#..'.≈≈≈.+
####.≈≈≈.#
#.≈≈≈.#


You could see Purgy.

Vanquished Creatures
  A bullfrog skeleton (D:3)
  2 gnolls (D:1)
  2 adders
  A worm (D:3)
  2 dart slugs (D:2)
  A leopard gecko (D:3)
  2 ball pythons (D:3)
  7 bats
  7 goblins
  12 hobgoblins
  7 kobolds
  A quokka (D:2)
  3 frilled lizards
  8 rats
56 creatures vanquished.

Notes
Turn   | Place    | Note
-------+----------+-------------------------------------------
     0 | D:1      | Mgcat the Mummy Fighter began the quest for the Orb.
     0 | D:1      | Reached XP level 1. HP: 18/18 MP: 1/1
   111 | D:1      | Reached skill level 2 in Maces & Flails
   111 | D:1      | Reached XP level 2. HP: 18/24 MP: 2/2
   250 | D:1      | HP: 4/24 [gnoll (3)]
   268 | D:1      | Reached XP level 3. HP: 7/29 MP: 3/3
   272 | D:1      | HP: 5/29 [hobgoblin/club (2)]
  1031 | D:2      | Reached skill level 4 in Fighting
  1061 | D:2      | Reached XP level 4. HP: 32/37 MP: 4/4
  1620 | D:3      | Found a glowing drain.
  1661 | D:3      | Reached skill level 3 in Maces & Flails
  1695 | Sewer    | Entered a sewer
  1728 | Sewer    | Noticed Purgy
  1741 | Sewer    | HP: 8/38 [Purgy (4)]
  1762 | Sewer    | HP: 9/38 [Purgy (1)]
  1765 | Sewer    | HP: 3/38 [Purgy (2)]
  1766 | Sewer    | HP: 1/38 [Purgy (2)]
  1777 | Sewer    | Slain by Purgy

Vault maps used:
D:1:      kilobyte_arrival_exit_the_forest
D:2:      grunt_ministairs_9
D:3:      first_ration, cheibrodos_sewer_entry_sluice
Sewer:    kennysheep_door_sewer

Skill      XL: |  1  2  3  4 |
---------------+-------------+-----
Maces & Flails | 2 3 |  3.1
Fighting       | 4 |  4.5
Armour         | |  2.4
Shields        | |  2.4

Action                   |  1- 3 |  4- 6 || total
-------------------------+-------+-------++-------
Melee: Flail             |   147 |   105 ||   252
  Use: Scroll            |       |     1 ||     1
Armor: Scale mail        |    78 |    81 ||   159
Dodge: Dodged            |    67 |    42 ||   109
Block: Shield            |    78 |    78 ||   156

Table legend:
 A = Spawn XP
 B = Non-spawn XP
 C = Spawn XP percentage of total XP
 D = Spawn monster count
 E = Non-spawn monster count
 F = Spawn count percentage of total count
 G = Total turns spent on level
                    A         B        C        D         E        F      G
               +---------+---------+-------+---------+---------+-------+---------
         Total |       0 |     188 |   0.0 |       0 |      56 |   0.0 |  1777
               +---------+---------+-------+---------+---------+-------+---------
           D:1 |       0 |      69 |   0.0 |       0 |      26 |   0.0 |   952
           D:2 |       0 |      48 |   0.0 |       0 |      20 |   0.0 |   626
           D:3 |       0 |      71 |   0.0 |       0 |      10 |   0.0 |   117
               +---------+---------+-------+---------+---------+-------+---------

Vault maps used:
D:1:      kilobyte_arrival_exit_the_forest
D:2:      grunt_ministairs_9
D:3:      first_ration, cheibrodos_sewer_entry_sluice
Sewer:    kennysheep_door_sewer

Table legend:
 A = Turns spent in this place as a percentage of turns spent in the entire game.
 B = Non-inter-level travel turns spent in this place as a percentage of non-inter-level travel turns spent in the entire game.
 C = Inter-level travel turns spent in this place as a percentage of turns spent in this place.
 D = Turns resting spent in this place as a percentage of non-inter-level travel turns spent in this place.
 E = Turns spent auto-exploring this place as a percentage of non-inter-level travel turns spent in this place.
 F = Non-inter-level travel turns spent in this place divided by the number of levels of this place that you've seen.
                   A       B       C       D       E      F
               +-------+-------+-------+-------+-------+----------------------
         Total | 100.0 | 100.0 |   3.6 |  10.2 |  61.6 | 428.2
       Dungeon |  95.4 |  95.2 |   3.8 |  10.7 |  62.8 | 543.7
         Sewer |   4.6 |   4.8 |   0.0 |   0.0 |  39.0 |  82.0
               +-------+-------+-------+-------+-------+----------------------

Table legend:
 A = Kills in this place as a percentage of kills in entire the game.
 B = Kills by you in this place as a percentage of kills by you in the entire game.
 C = Kills by friends in this place as a percentage of kills by friends in the entire game.
 D = Other kills in this place as a percentage of other kills in the entire game.
 E = Experience gained in this place as a percentage of experience gained in the entire game.
 F = Experience gained in this place divided by the number of levels of this place that you have seen.
                   A       B       C       D       E      F
               +-------+-------+-------+-------+-------+----------------------
         Total | 100.0 | 100.0 |   N/A |   N/A | 100.0 |  47.0
       Dungeon | 100.0 | 100.0 |   N/A |   N/A | 100.0 |  62.7
               +-------+-------+-------+-------+-------+----------------------
